Cogmind - Beta 13 @@@ ROGUE MODE // 2024.04.22 @ 18:56:52 Player: Biasface Result: Self-destructed Performance ------------- Evolutions (2) 1000 Regions Visited (5) 1000 Robots Destroyed (49) 245 Value Destroyed (942) 942 Prototype IDs (25) 500 Alien Tech Used (0) 0 Bonus (321) 321 TOTAL SCORE: 4008 Bonus ------- Follower Combat Kills 21 Aligned with FarCom 300 Cogmind --------- Core Integrity 160/550 Matter 178/300 Energy 100/100 System Corruption 0% Temperature Cool (0) Movement Treading (240) Ox1 Location -8/Materials Parts ------- > --- POWER (1) -------- (None) > --- PROPULSION (3) --- Light Treads > --- UTILITY (5) ------ Large Storage Unit Targeting Computer Hardened Light Armor Plating > --- WEAPON (2) ------- (None) > --- INVENTORY (15) --- Light Ion Engine Light Treads Light Treads Light Treads Light Armor Plating Light Armor Plating Improved Light Armor Plating Light Assault Rifle Light Assault Rifle Grenade Launcher Hammer Peak State ------------ > --- POWER ------------ Ion Engine > --- PROPULSION ------- Light Treads Light Treads Light Treads > --- UTILITY ---------- Cooling System Large Storage Unit Visual Processing Unit Targeting Computer Hardened Light Armor Plating > --- WEAPON ----------- YOLO Cannon > --- INVENTORY -------- Light Ion Engine Light Treads Light Treads Light Treads Light Armor Plating Light Armor Plating Light Assault Rifle Light Assault Rifle Grenade Launcher Hammer [Rating: 33] Favorites ----------- Power Light Ion Engine Engine Light Ion Engine Propulsion Light Treads Treads Light Treads Utility Targeting Computer Device Cooling System Storage Large Storage Unit Processor Targeting Computer Protection Hardened Light Armor Plating Weapon Assault Rifle Energy Cannon YOLO Cannon Ballistic Gun Assault Rifle Launcher Grenade Launcher Build | -11 -10 -10 -10 -9 -8 ------- Run | Yrd Mat Min Exi Min Mat Slots Evolved 4 | . . . . . 4 Power . | . . . . . . Propulsion 1 | . . . . . 1 Utility 3 | . . . . . 3 Weapon . | . . . . . . Parts Attached 29 | 7 11 1 1 2 7 Power 3 | 1 1 . . 1 . Engine 3 | 1 1 . . 1 . Core . | . . . . . . Reactor . | . . . . . . Propulsion 6 | 2 3 . . . 1 Treads 6 | 2 3 . . . 1 Leg . | . . . . . . Wheel . | . . . . . . Hover . | . . . . . . Flight . | . . . . . . Utility 8 | 2 3 . . . 3 Device 2 | 1 . . . . 1 Storage 3 | 1 2 . . . . Processor 2 | . 1 . . . 1 Hackware . | . . . . . . Protection 1 | . . . . . 1 Artifact . | . . . . . . Weapon 12 | 2 4 1 1 1 3 Energy Gun . | . . . . . . Energy Cannon 3 | . . . 1 1 1 Ballistic Gun 6 | 2 2 1 . . 1 Ballistic Cannon . | . . . . . . Launcher 3 | . 2 . . . 1 Special Weapon . | . . . . . . Impact Weapon . | . . . . . . Slashing Weapon . | . . . . . . Piercing Weapon . | . . . . . . Special Melee Weapon . | . . . . . . Unidentified Prototypes . | . . . . . . Parts Lost 7 | . 1 . . . 6 Power 1 | . . . . . 1 Propulsion 2 | . . . . . 2 Utility 3 | . 1 . . . 2 Weapon 1 | . . . . . 1 Highest Loss Streak 6 | . 1 . . . 6 To Critical Strikes . | . . . . . . Average Slot Usage (%) 88 | . 99 72 72 85 86 Engine 13 | . 13 14 14 14 8 Treads 27 | . 28 28 28 28 25 Device 1 | . 2 . . . 9 Storage 13 | . 14 14 14 14 9 Processor 13 | . 11 14 14 14 17 Energy Cannon 3 | . . . 1 14 7 Ballistic Gun 12 | . 27 1 . . . Naked Turns . | . . . . . . Heaviest Build 88 | 13 88 27 41 43 50 Greatest Support 60 | 40 40 40 40 40 60 Greatest Overweight (x) 3 | 3 2 . 1 1 1 Average Overweight (x) . | . . . . 1 . Largest Inventory Capacity 25 | 8 25 15 15 15 15 Average Capacity 15 | 7 18 15 15 15 15 Most Carried 15 | 5 15 15 15 15 13 Average Carried 12 | 4 12 14 14 13 10 Final Capacity 15 | 8 15 15 15 15 15 Final Carried 15 | 5 15 15 15 14 11 Class Distribution -------------------- 100% | Mutant Dominant Class ---------------- Mutant | -10/Materials Mutant | -10/Mines Mutant | -10/Exiles Mutant | -9/Mines Mutant | -8/Materials Resources | -11 -10 -10 -10 -9 -8 ----------- Run | Yrd Mat Min Exi Min Mat Matter Collected 1017 | 378 476 24 . 99 40 Remotely . | . . . . . . Salvage Created 1294 | 257 583 . . 186 268 Parts 91 | 12 43 . . 14 22 Haulers Intercepted 3 | . 2 . . . 1 Recyclers Shooed 3 | 1 1 . . . 1 Parts Field Recycled . | . . . . . . Retrieved Matter . | . . . . . . Parts Self-Destructed . | . . . . . . Prevented . | . . . . . . Kills | -11 -10 -10 -10 -9 -8 ------- Run | Yrd Mat Min Exi Min Mat Combat Hostiles Destroyed 20 | . 9 . . 6 5 Guns 6 | . 6 . . . . Cannons 2 | . . . . 2 . AOE 9 | . 3 . . 4 2 Classes Destroyed 11 | 2 6 . . . 3 Worker 2 | . 1 . . . 1 Builder 3 | . . . . . 3 Tunneler 12 | 8 1 . . 1 2 Hauler 3 | . 2 . . . 1 Recycler 4 | 1 2 . . . 1 Operator 1 | . 1 . . . . Watcher 4 | . 3 . . . 1 Swarmer 6 | . 6 . . . . Grunt 10 | . 3 . . 6 1 Sentry 3 | . . . . . 3 Hunter 1 | . . . . . 1 Best Kill Streak 6 | 4 4 . . 3 6 Combat Bots Only 3 | . 3 . . 3 3 Max Kills in Single Turn 3 | 1 3 . . 3 2 Gunslinging . | . . . . . . Exploded 3 | . 3 . . 2 1 Melee . | . . . . . . Uniques/NPCs Destroyed . | . . . . . . Combat | -11 -10 -10 -10 -9 -8 -------- Run | Yrd Mat Min Exi Min Mat Hostile Shots Fired 115 | . 51 2 . 5 57 Missed 36 | . 12 . . 4 20 Damage Taken 1196 | . 444 15 . 14 723 Core 229 | . 57 6 . . 166 Absorbed by Shields . | . . . . . . Regen/Repaired (Parts) 20 | . 20 . . . . Core Remaining (%) 87 | 100 . . . 74 . Volleys Fired 90 | 18 49 . . 4 19 Largest 2 | 2 2 . . 1 2 Hottest 100 | 40 50 . . 100 100 Shots Fired 159 | 36 98 . . 5 20 Gun 132 | 36 94 . . . 2 Cannon 13 | . . . . 5 8 Launcher 14 | . 4 . . . 10 Special . | . . . . . . Kinetic 132 | 36 94 . . . 2 Thermal 13 | . . . . 5 8 Explosive 14 | . 4 . . . 10 Electromagnetic . | . . . . . . Robot Hit Streak 16 | 10 16 . . 4 11 Robot Miss Streak 5 | 2 5 . . 1 2 Penetration Max . | . . . . . . Secondary Targets 1 | . 1 . . . . Max Gunslinging Chain 1 | . 1 . . . . Shots Hit Robots 96 | 23 56 . . 2 15 Core Hits 58 | 10 24 . . 5 19 Critical Kills 3 | . . . . . 3 Critical Parts Destroyed 1 | . 1 . . . . Critical Strikes 4 | . 1 . . . 3 Meltdown 3 | . . . . . 3 Destroy 1 | . 1 . . . . Melee Attacks . | . . . . . . Impact . | . . . . . . Slashing . | . . . . . . Piercing . | . . . . . . Sneak Attacks . | . . . . . . Combat Hostiles . | . . . . . . Follow-up Attacks . | . . . . . . Damage Inflicted 3407 | 277 913 . . 566 1651 Guns 1063 | 277 777 . . . 9 Cannons 736 | . . . . 288 448 Explosions 1601 | . 130 . . 277 1194 Melee . | . . . . . . Ramming 7 | . 6 . . 1 . Kinetic 1063 | 277 777 . . . 9 Thermal 1805 | . . . . 565 1240 Explosive 532 | . 130 . . . 402 Electromagnetic . | . . . . . . Impact . | . . . . . . Slashing . | . . . . . . Piercing . | . . . . . . Highest Corruption 5 | . 5 5 5 5 . Average Corruption 4 | . 4 5 5 5 . Corruption Purged . | . . . . . . Corruption Blocked . | . . . . . . Effects 62 | . 12 14 17 19 . Message Errors 16 | . 1 6 3 6 . Matter Fused 18 | . 7 4 5 2 . Heat Flow Errors 8 | . . 2 4 2 . Energy Discharges 10 | . 1 . 3 6 . Data Loss (minor) 4 | . 1 1 2 . . Data Loss (major) 3 | . 1 1 . 1 . Misfires 2 | . 1 . . 1 . Alerts 1 | . . . . 1 . Overload Shots . | . . . . . . Overflow Damage 235 | . 39 . . 83 113 Projectiles 148 | . . . . 83 65 Explosions 87 | . 39 . . . 48 Melee . | . . . . . . Knockbacks . | . . . . . . Impact . | . . . . . . Kinetic . | . . . . . . Secondary . | . . . . . . Self-Inflicted Damage 155 | . . . . . 155 Shots 3 | . . . . . 3 Rammed 2 | . 1 . . 1 . Targets Rammed 3 | . 1 . . 2 . Kicked . | . . . . . . Crushed 1 | . . . . 1 . Highest Temperature 242 | . 45 219 242 123 7 Average Temperature 68 | . 24 101 104 42 3 Received Heat Transfer 474 | . 204 . . 9 261 Siege Activations . | . . . . . . Robots Corrupted . | . . . . . . Combat Hostiles . | . . . . . . Parts Fried . | . . . . . . Impact Corruptions . | . . . . . . Robots Melted 3 | . . . . . 3 Combat Hostiles 3 | . . . . . 3 Parts Melted 5 | . . . . 1 4 Heat Transferred 1780 | . . . . 480 1300 Parts Sabotaged . | . . . . . . Parts Stolen . | . . . . . . Parts Stripped . | . . . . . . Power Chain Reactions . | . . . . . . Alert | -11 -10 -10 -10 -9 -8 ------- Run | Yrd Mat Min Exi Min Mat Peak Influence 424 | 45 276 93 . 148 424 Initial 57 | . 29 15 . . 57 Average 83 | 21 78 78 . 53 231 Maximum Alert Level 2 | . 1 . . . 2 Low Security (%) 91 | 100 92 100 . 100 49 Level 1 8 | . 7 . . . 48 Level 2 . | . . . . . 1 Level 3 . | . . . . . . Level 4 . | . . . . . . Level 5 . | . . . . . . High Security . | . . . . . . Max Security . | . . . . . . Squads Dispatched 3 | . 1 . . . 2 Investigation . | . . . . . . Extermination . | . . . . . . Reinforcement 3 | . 1 . . . 2 Assault . | . . . . . . Garrison . | . . . . . . Intercept . | . . . . . . Searches Triggered . | . . . . . . Construction Impeded 1 | . . . . . 1 Haulers Reinforced . | . . . . . . Active Scanning Responses . | . . . . . . Cargo Convoy Interrupts . | . . . . . . Stealth | -11 -10 -10 -10 -9 -8 --------- Run | Yrd Mat Min Exi Min Mat Distress Signals 2 | . 1 . . . 1 Communications Jammed . | . . . . . . Distress Signals . | . . . . . . Times Spotted 33 | . 16 3 . 5 9 Peak Tracking Total 6 | . 5 3 . 3 6 Tactical Retreats . | . . . . . . Traps | -11 -10 -10 -10 -9 -8 ------- Run | Yrd Mat Min Exi Min Mat Traps Triggered 4 | . 4 . . . . Indirectly . | . . . . . . Trap Hack Attempts . | . . . . . . Triggered . | . . . . . . Disarmed . | . . . . . . Reprogrammed . | . . . . . . Reused . | . . . . . . Traps Extracted . | . . . . . . Installed . | . . . . . . Triggered . | . . . . . . Machines | -11 -10 -10 -10 -9 -8 ---------- Run | Yrd Mat Min Exi Min Mat Machines Disabled 8 | . 2 . . 3 3 Max in Single Turn 2 | . 1 . . 2 2 Machines Repaired . | . . . . . . Machines Dismantled . | . . . . . . Machines Sabotaged . | . . . . . . Overloaded Fab Kills . | . . . . . . Hacking | -11 -10 -10 -10 -9 -8 --------- Run | Yrd Mat Min Exi Min Mat Machines Accessed 14 | . 9 . 3 . 2 Terminals 8 | . 6 . . . 2 Fabricators . | . . . . . . Repair Stations 1 | . 1 . . . . Recycling Units 2 | . 2 . . . . Scanalyzers . | . . . . . . Garrison Access . | . . . . . . Total Hacks 36 | . 29 . 4 . 3 Successful 20 | . 14 . 4 . 2 Failed 15 | . 15 . . . . Catastrophic 2 | . 2 . . . . Database Lockouts 1 | . . . . . 1 Manual 8 | . 5 . 1 . 2 Terminals 24 | . 21 . . . 3 Fabricators . | . . . . . . Repair Stations 3 | . 3 . . . . Recycling Units 5 | . 5 . . . . Scanalyzers . | . . . . . . Garrison Access . | . . . . . . Terminal Hacks 17 | . 11 . 4 . 2 Record 3 | . . . 3 . . Robot Analysis 6 | . 5 . . . 1 Prototype ID Bank 2 | . 2 . . . . Emergency Access Points 1 | . 1 . . . . Terminal Index 1 | . 1 . . . . Locate Traps 2 | . 2 . . . . Zone Layout 1 | . . . . . 1 Derelict Proto ID Bank 1 | . . . 1 . . Fabricator Hacks . | . . . . . . Repair Station Hacks 2 | . 2 . . . . Scan Component 1 | . 1 . . . . Repair 1 | . 1 . . . . Recycling Unit Hacks 1 | . 1 . . . . Retrieve Components 1 | . 1 . . . . Scanalyzer . | . . . . . . Garrison Access Hacks . | . . . . . . Unauthorized Hacks . | . . . . . . Terminals . | . . . . . . Fabricators . | . . . . . . Repair Stations . | . . . . . . Recycling Units . | . . . . . . Scanalyzers . | . . . . . . Garrison Access . | . . . . . . Data Cores Recovered 1 | . 1 . . . . Used 1 | . 1 . . . . Hacking Detections 8 | . 7 . . . 1 Full Trace Events 2 | . 2 . . . . Feedback Events . | . . . . . . Feedback Blocked . | . . . . . . Robot Schematics Acquired . | . . . . . . Robots Built . | . . . . . . Authchips . | . . . . . . Time . | . . . . . . Total Robot Build Rating . | . . . . . . Part Schematics Acquired . | . . . . . . Parts Built . | . . . . . . Authchips . | . . . . . . Time . | . . . . . . Total Part Build Rating . | . . . . . . Parts Repaired 1 | . 1 . . . . Time 26 | . 26 . . . . Parts Recycled . | . . . . . . Recycled Matter . | . . . . . . Retrieved Matter . | . . . . . . Retrieved Components . | . . . . . . Parts Scanalyzed . | . . . . . . Part Schematics Acquired . | . . . . . . Parts Damaged . | . . . . . . Bothacking | -11 -10 -10 -10 -9 -8 ------------ Run | Yrd Mat Min Exi Min Mat Used RIF Installer . | . . . . . . Robots Hacked . | . . . . . . Non-combat . | . . . . . . Combat . | . . . . . . Robot Hacks Applied . | . . . . . . Relay Couplers Released . | . . . . . . Fabnet Peak Effective % . | . . . . . . Robots Rewired . | . . . . . . Allies Hacked . | . . . . . . Hacks Repelled . | . . . . . . Allies | -11 -10 -10 -10 -9 -8 -------- Run | Yrd Mat Min Exi Min Mat Total Allies 2 | . . 2 . . . Largest Group 2 | . . 2 1 . . Highest-Rated Group 42 | . . 42 28 . . Highest-Rated Ally 31 | . . 31 28 . . Total Orders . | . . . . . . Ally Attacks 5 | . . 5 . . . Total Damage 84 | . . 84 . . . Kills 3 | . . 3 . . . Allies Corrupted . | . . . . . . Allies Melted . | . . . . . . Intel | -11 -10 -10 -10 -9 -8 ------- Run | Yrd Mat Min Exi Min Mat Robot Analysis Total 6 | . 5 . . . 1 Derelict Logs Recovered . | . . . . . . Drone Launches . | . . . . . . Drone Recoveries . | . . . . . . Exploration | -11 -10 -10 -10 -9 -8 ------------- Run | Yrd Mat Min Exi Min Mat Turns Passed 3852 | 294 1617 426 532 662 321 Spaces Moved 1861 | 140 724 263 319 266 149 Core 27 | 27 . . . . . Treads 1834 | 113 724 263 319 266 149 Legs . | . . . . . . Wheels . | . . . . . . Hover . | . . . . . . Flight . | . . . . . . Fastest Speed 50 | 50 160 160 160 240 160 Average Speed 184 | 160 189 160 166 240 163 Slowest Speed 320 | 200 320 160 240 240 240 Overloaded Moves . | . . . . . . Propulsion Burnouts . | . . . . . . Robots Hopped . | . . . . . . Cave-ins Triggered . | . . . . . . Exploration Rate (%) 53 | 6 95 62 62 80 14 Regions Visited 5 Branch Regions 3 Pre-discovered Areas 2 | . . . 1 1 . Known Exits Taken . | . . . . . . Unknown Exits Taken 5 | 1 1 1 1 1 . Scrap Searched 3 | . . 1 . 2 . Spaces Dug . | . . . . . . Terrain Destroyed 143 | . 21 . . 50 72 Melee . | . . . . . . Projectile 3 | . . . . 1 2 AOE 140 | . 21 . . 49 70 Terrain Rammed . | . . . . . . Walls Destroyed . | . . . . . . Machines Disabled . | . . . . . . Actions | -11 -10 -10 -10 -9 -8 --------- Run | Yrd Mat Min Exi Min Mat Total 2100 | 170 873 270 322 276 189 Wait 84 | . 72 2 . . 10 Move 1856 | 139 723 262 318 265 149 Hop . | . . . . . . Pick Up 21 | 6 12 . . 2 1 Fast Attach 9 | 6 1 1 1 . . Attach 10 | 1 1 . . 1 7 Detach 6 | . . 2 1 . 3 Swap 10 | . 9 . . 1 . Drop 11 | . 5 3 2 1 . Fire 90 | 18 49 . . 4 19 Melee . | . . . . . . Ram . | . . . . . . Kick . | . . . . . . Crush 3 | . 1 . . 2 . Escape Stasis . | . . . . . . Rewire . | . . . . . . Trap . | . . . . . . Miscellaneous . | . . . . . . Route ------- -11/Scrapyard -10/Materials (discovered 5 exits: [*Mat x3] / [*Min x2]) -10/Mines (discovered 2 exits: [*Mat] / *Exi) -10/Exiles -9/Mines -8/Materials History --------- Turn | Location | Event 35 | -11/Scrapyard | Discovered new exit (range 16) 295 | -11/Scrapyard | Entered Materials 315 | -10/Materials | Build established: Mutant 820 | -10/Materials | Repaired Lgt. Ion Engine 831 | -10/Materials | Discovered new exit (range 10) 1034 | -10/Materials | Discovered new exit (range 16) 1156 | -10/Materials | Discovered new exit (range 16) 1662 | -10/Materials | Discovered new exit (range 6) 1873 | -10/Materials | Discovered new exit (range 11) 1912 | -10/Materials | Entered Mines 2211 | -10/Mines | Discovered new exit (range 14) 2331 | -10/Mines | Deemed a non-threat by the Exiles lab entrance 2331 | -10/Mines | Discovered new exit (range 5) 2338 | -10/Mines | Entered Exiles 2338 | -10/Exiles | Accompanied by 1 ally 2368 | -10/Exiles | Led the pair of lost Derelicts to a safe place 2377 | -10/Exiles | Met 8R-AWN 2404 | -10/Exiles | Met EX-HEX 2452 | -10/Exiles | Met EX-BIN 2482 | -10/Exiles | Aligned with FarCom system 2484 | -10/Exiles | Given EX-Vault access code 2572 | -10/Exiles | Opened EX-Vault 2588 | -10/Exiles | Found YOLO Cannon 2644 | -10/Exiles | Warned to stay clear of 0b10 Research branches 2693 | -10/Exiles | Met EX-DEC 2737 | -10/Exiles | Learned location of Zion (-7) 2853 | -10/Exiles | Discovered new exit (range 14) 2870 | -10/Exiles | Left Exiles lab with YOLO Cannon 2870 | -10/Exiles | Entered Mines 2871 | -9/Mines | Learned location of Storage (-9) 3495 | -9/Mines | Discovered new exit (range 14) 3532 | -9/Mines | Entered Materials 3532 | -8/Materials | Evolved 4 slots: Propulsion x1, Utility x3 3548 | -8/Materials | Central database locked down 3823 | -8/Materials | Core integrity fell below 50% 3853 | -8/Materials | Self-destructed Last Messages --------------- 03822_ Visual Processing Unit destroyed. 03822_ Ion Engine destroyed. 03822_ Lgt. Treads destroyed. 03822_ Core damaged (-223). 03822_ T-07 Excavator destroyed. 03824_ ALERT: Hostiles spotted, dispatching reinforcements to Terminal M005. 03826_ G-47 Trooper overheating. 03828_ Critical hit (Burn: +37). 03830_ G-47 Trooper overheating. 03832_ G-47 Trooper heat damages Lgt. Nuclear Core. 03833_ G-47 Trooper heat damages core (-12). 03833_ G-47 Trooper overheating. 03838_ Lgt. Treads destroyed. 03840_ G-47 Trooper overheating. 03844_ G-47 Trooper heat short circuits Lgt. Nuclear Core. 03846_ G-47 Trooper overheating. 03852_ Cooling System destroyed. Map ----- +----------------------------------------------------+ | | | | | | | | | | | | | | | ????????????????????????????????????? | | ????????????????????????????????????? | | ????????????????????????????????????? | | ????????????????????????????????????? | | ?????????????????????Y??????????????? | | ????????????????????????????????????? | | ????????????????????????????????????? | | ????????????????????????????????????? | | ????????????????????????????????????? | | ??????????????????????????????#?????? | | ????????????????????????????? #?????? | | ??????????????????????????###+######? | | ??????????################ #? | | ??????????# ##;;;; #? | | ??????????# #; ;=! #? | | ??????????# ; =%[ #? | | ??????????# ; g [* #? | | ??????????# ; g #? | | ??????????# ; @ #? | | ??????????# ;; * #? | | ??????????# ;; ;##########? | | ??????????#######;### % #?????????? | | ?????????????# #?????????? | | ?????????????# T #?????????? | | ?????????????# #?????????? | | ???###???????# #### ] #?????????? | | ???# ######### ##########?????????? | | ???# # # #??????????? | | ???# " / #??????????? | | ???# "" # #??????????? | | ???# "" ########??????????? | | ???# "" g ########???????????? | | ???# [[ # #???????????? | | ???# [[ "T # ! T #???????????? | | ???? [ #???????????? | | ########## # #???????????? | | | #???????????? | | ^ *! * #???????????? | | ^ ! ############???????? | | "##############+##### #???????? | | ???????????#! # [ """ #???????? | | ???????????# """"" # """ #???????? | | ???????????# """"" # % """ #???????? | +----------------------------------------------------+ Best States ------------- Heat Dissipation 53 Energy Generation 10 Energy Capacity 250 Matter Stores 300 Matter Capacity 300 Sight Range 18 Terrain Scan Density 10 Armor Coverage 150 Evasion (%) 40 Targeting Accuracy 5 Recoil Reduction 3 Item Schematics ----------------- None Robot Schematics ------------------ None Fabricated ------------ Nothing Alien Tech Used ----------------- None Achievements -------------- None Challenges ------------ None Game ------ Seed SuspensionMassCapacitor Manual? 0 Play Time 00:19:26 Cumulative 10.4 hours Start 2024.04.22 @ 18:37:07 End 2024.04.22 @ 18:56:52 Sessions 1 Manual Loads 0 Difficulty Rogue Special Mode None Game No. 15 Rogue 15 Adventurer 0 Explorer 0 Win Type - Total 1 Types 1/0/0/0/0/0/0/0/0 Lore% 20 Gallery% 16 Achievement% 20 Wizard Run 0 Options --------- Layout 1 ASCII 0 Keyboard 0 Movement Arrows Keybinds 0 Fullscreen 1 Font 24/Smallcaps Map View 50x35 Zoom Use 0% Tactical HUD 1 Map Filters NONE Filters NONE Steam 1 RUN: fd58e404-2fc2-4b97-9f76-26d780427d23